 Dungeon Crawl Stone Soup version 0.25.1-2-g60ff931df9 (webtiles) character file.

Game seed: 4459466627738700336

8057 Invaser the Carver (level 11, -3/92 HPs)
             Began as a Minotaur Gladiator on Aug 25, 2020.
             Was a High Priest of Okawaru.
             Slain by an ogre
             ... wielding a +0 giant club
             ... led by an orc knight
              (15 damage)
             ... on level 1 of the Orcish Mines.
             The game lasted 01:07:22 (7683 turns).

Invaser the Carver (Minotaur Gladiator)             Turns: 7683, Time: 01:07:23

Health: -3/92      AC: -5    Str: 18 (19) XL:     11   Next: 4%
Magic:  5/11       EV: 16    Int:  7      God:    Okawaru [*****.]
Gold:   1240       SH:  5    Dex: 15      Spells: 10/10 levels left

rFire    . . .     SeeInvis .   t - +5 short sword (venom)
rCold    . . .     Gourm    .   i - +0 buckler
rNeg     . . .     Faith    .   z - +0 troll leather armour
rPois    .         Spirit   .   c - +0 hat
rElec    .         Reflect  .   (no cloak)
rCorr    .         Harm     .   q - +0 pair of gloves
MR       +....                  (no boots)
Stlth    +.........             (no amulet)
HPRegen  0.65/turn              m - ring of protection from magic
MPRegen  0.12/turn              J - +4 ring of protection

@: about to teleport, corroded, drained
A: retaliatory headbutt, hooves 1, horns 2, icy blue scales 1, clever 1,
deformed body, high mp 1
a: Heroism, Finesse, Renounce Religion


You were on level 1 of the Orcish Mines.
You worshipped Okawaru.
Okawaru was extremely pleased with you.
You were very hungry.

You visited 2 branches of the dungeon, and saw 11 of its levels.

You collected 1240 gold pieces.

Inventory:

Hand Weapons
 a - a +0 long sword
 s - a +0 spear
 t - a +5 short sword of venom (weapon)
 B - a +0 hunting sling
Missiles
 d - 2 throwing nets (quivered)
 e - 358 stones
 A - 70 sling bullets
Armour
 c - a +0 hat (worn)
 i - a +0 buckler (worn)
 n - a +0 chain mail
 q - a +0 pair of gloves (worn)
 z - a +0 troll leather armour (worn)
 R - a +0 leather armour
Jewellery
 m - a ring of protection from magic (left hand)
 F - a cursed ring of teleportation {unknown}
 J - a +4 ring of protection (right hand)
Wands
 u - a wand of flame (37)
 y - a wand of digging (4)
 D - a wand of random effects (14)
Scrolls
 g - 3 scrolls of identify
 j - a scroll of teleportation
 l - 4 scrolls of remove curse
 r - a scroll of immolation {unknown}
 v - 2 scrolls of magic mapping
 w - a scroll of random uselessness
 O - 3 scrolls of enchant weapon
 Q - a scroll of enchant armour {unknown}
Potions
 b - 12 potions of degeneration
 h - a potion of lignification {unknown}
 o - a potion of mutation
 p - a potion of magic {unknown}
 C - a potion of resistance
 E - 3 potions of stabbing
 G - a potion of flight {unknown}
 H - 3 potions of haste
 I - a potion of berserk rage {unknown}
 K - a potion of heal wounds
Comestibles
 f - 13 rations


   Skills:
 + Level 7.3(6.6) Fighting
 + Level 9.9(10.5) Short Blades
 * Level 10.0(11.1) Long Blades
 + Level 1.0(1.2) Slings
 + Level 2.0(1.5) Throwing
 + Level 8.7(7.9) Armour
 * Level 7.3(6.6) Dodging
 - Level 2.1(1.5) Stealth
 + Level 4.5(3.9) Shields
 + Level 0.9(0.3) Invocations
 - Level 1.0(0.4) Evocations


You had 10 spell levels left.
You didn't know any spells.
Your spell library contained the following spells:

 Spells                   Type           Power        Failure   Level  Hunger
 Summon Small Mammal      Summ           #...         50%         1    ##.....
 Call Imp                 Summ           #.......     63%         2    ###....
 Call Canine Familiar     Summ           #.......     86%         3    ####...
 Summon Guardian Golem    Hex/Summ       #.......     86%         3    ####...
 Summon Ice Beast         Ice/Summ       #.......     99%         4    #####..
 Summon Lightning Spire   Summ/Air       #.......     99%         4    #####..


Dungeon Overview and Level Annotations

Branches:
Dungeon (11/15)            Temple (0/1) D:7            Lair (0/6) D:10
    Orc (1/2) D:10

Altars:
Fedhas
Nemelex Xobeh
Okawaru

Annotations:
D:4 1 transporter, Eitelfritz's ghost, amateur OpEn


Innate Abilities, Weirdness & Mutations

You reflexively headbutt those who attack you in melee.
You have a pair of horns on your head.
You have large cloven feet.
You are partially covered in icy blue scales. (AC +2)
Your mind is acute. (Int +2)
Armour fits poorly on your strangely shaped body.
You have an increased reservoir of magic. (+10% MP)


Message History

You feel much better. The rust devil hits you!
* * * LOW HITPOINT WARNING * * *
The rust devil corrodes you!
The orc sorcerer casts a spell.
You barely miss the rust devil. Your kick misses the rust devil.
You headbutt the rust devil, but do no damage.
The ogre misses you. The wraith closely misses you. The rust devil hits you!
* * * LOW HITPOINT WARNING * * *
The rust devil corrodes you!
You closely miss the rust devil.
The ynoxinul gestures.
You hit the rust devil but do no damage.
The rust devil is poisoned.
You kick the rust devil, but do no damage.
Your headbutt misses the rust devil.
The orc wizard no longer looks unusually strong.
The orc wizard gestures wildly while chanting.
The orc wizard blinks!
The wraith barely misses you. The ogre hits you with a +0 giant club!
You die...

#........##....#...#
#.#..>..#.###.......#
####...........o....##
#.......#55ยง.W4.....
###........3##......
#........o.o# ##...
#........Wo#W## .
##.##.....#4OW# ##
###...##@## #..#####
####


You could see a rust devil (summoned, very poisoned), a ynoxinul (summoned), 3
wraiths, an orc sorcerer (strong), an orc warrior, an ogre, an orc wizard (fast)
and 2 ufetubi.

Vanquished Creatures
  Josephine (Orc:1)
  2 two-headed ogres
  An orc knight (Orc:1)
  Grinder (D:3)
  A troll (D:10)
  A hornet (D:10)
  4 hippogriffs
  2 wraiths
  A wyvern (D:10)
  A hungry ghost (D:7)
  A black bear (D:10)
  An ice beast (D:6)
  5 orc warriors
  A swamp drake (D:10)
  An eye of draining (D:9)
  A necrophage (D:8)
  6 ogres
  A phantom (D:10)
  6 centaurs
  A big kobold (D:10)
  4 bullfrogs
  4 scorpions
  A killer bee (D:10)
  5 wights (D:7)
  A crimson imp (D:10)
  A bullfrog zombie (D:10)
  2 jellies
  3 hounds
  4 orc priests
  7 orc wizards
  An iguana (D:6)
  3 worker ants
  A hound zombie (D:7)
  A hound skeleton (D:6)
  A worker ant zombie (D:6)
  A gnoll (D:1)
  A howler monkey skeleton (D:8)
  15 adders
  A shadow imp (D:6)
  An adder zombie (D:8)
  An adder skeleton (D:6)
  2 worms
  5 leopard geckos
  34 orcs
  2 ball pythons
  2 bats
  4 giant cockroaches
  9 hobgoblins
  4 jackals
  6 kobolds
  A quokka (D:6)
  3 frilled lizards
  10 goblins
  A leopard gecko skeleton (D:8)
  5 rats
  3 fungi (D:6)
  2 plants (D:10)
191 creatures vanquished.

Vanquished Creatures (others)
  2 fungi (D:6)
2 creatures vanquished.

Grand Total: 193 creatures vanquished

Notes
Turn   | Place    | Note
-------+----------+-------------------------------------------
     0 | D:1      | Invaser the Minotaur Gladiator began the quest for the Orb.
     0 | D:1      | Reached XP level 1. HP: 18/18 MP: 0/0
   209 | D:1      | Reached skill level 4 in Long Blades
   209 | D:1      | Reached XP level 2. HP: 25/25 MP: 1/1
   831 | D:2      | Reached XP level 3. HP: 25/30 MP: 2/2
  1489 | D:2      | Reached XP level 4. HP: 31/37 MP: 3/3
  1913 | D:3      | Reached skill level 1 in Armour
  1936 | D:3      | Found a faded altar of an unknown god.
  1993 | D:3      | Noticed Grinder
  2006 | D:3      | Killed Grinder
  2006 | D:3      | Reached skill level 5 in Long Blades
  2006 | D:3      | Reached XP level 5. HP: 31/45 MP: 4/4
  2006 | D:3      | Reached XP level 6. HP: 35/51 MP: 5/5
  2032 | D:3      | Gained mutation: You are clumsy. (Dex -2) [potion of
                  | mutation]
  2032 | D:3      | Gained mutation: Scrolls take you a little longer to read.
                  | [potion of mutation]
  2032 | D:3      | Gained mutation: You have an increased reservoir of magic.
                  | (+10% MP) [potion of mutation]
  2436 | D:4      | Noticed an orc warrior
  2437 | D:4      | Lost mutation: Scrolls take you a little longer to read.
                  | [potion of mutation]
  2437 | D:4      | Lost mutation: You are clumsy. (Dex -2) [potion of
                  | mutation]
  2437 | D:4      | Gained mutation: You have large cloven feet. [potion of
                  | mutation]
  2437 | D:4      | Gained mutation: Armour fits poorly on your strangely
                  | shaped body. [potion of mutation]
  2437 | D:4      | Gained mutation: You are partially covered in icy blue
                  | scales. (AC +2) [potion of mutation]
  2437 | D:4      | Gained mutation: Your mind is acute. (Int +2) [potion of
                  | mutation]
  2475 | D:4      | Killed an orc warrior
  2693 | D:4      | Found a transporter.
  2721 | D:4      | Noticed Eitelfritz's ghost (amateur OpEn)
  2845 | D:4      | You fall into a shaft and drop 2 floors!
  2853 | D:6      | Reached XP level 7. HP: 45/57 MP: 6/6
  2870 | D:6      | Reached skill level 6 in Long Blades
  2873 | D:6      | Found a blossoming altar of Fedhas.
  3340 | D:6      | Reached skill level 1 in Shields
  3839 | D:6      | Found an iron altar of Okawaru.
  3880 | D:6      | Became a worshipper of Warmaster Okawaru
  3951 | D:7      | Reached skill level 5 in Short Blades
  3951 | D:7      | Reached XP level 8. HP: 37/66 MP: 7/7
  3979 | D:7      | Noticed a hippogriff
  3988 | D:7      | Killed a hippogriff
  3988 | D:7      | Reached * piety under Okawaru
  3988 | D:7      | Reached skill level 7 in Long Blades
  3988 | D:7      | Reached skill level 5 in Armour
  4237 | D:7      | Reached skill level 1 in Stealth
  4245 | D:7      | Reached skill level 1 in Slings
  4247 | D:7      | Found a staircase to the Ecumenical Temple.
  4458 | D:7      | Reached skill level 5 in Fighting
  4750 | D:8      | Found a sparkling altar of Nemelex Xobeh.
  4792 | D:8      | Reached ** piety under Okawaru
  4831 | D:8      | Noticed a hippogriff
  4838 | D:8      | Killed a hippogriff
  4838 | D:8      | Reached XP level 9. HP: 74/74 MP: 9/9
  5053 | D:8      | Reached skill level 8 in Long Blades
  5366 | D:9      | Reached skill level 5 in Dodging
  5380 | D:9      | Noticed a two-headed ogre
  5390 | D:9      | Killed a two-headed ogre
  5390 | D:9      | Reached *** piety under Okawaru
  5689 | D:9      | Reached skill level 1 in Evocations
  6136 | D:10     | Entered Level 10 of the Dungeon
  6136 | D:10     | Noticed a two-headed ogre
  6136 | D:10     | Noticed a troll
  6144 | D:10     | Killed a troll
  6157 | D:10     | Killed a two-headed ogre
  6157 | D:10     | Reached **** piety under Okawaru
  6157 | D:10     | Reached skill level 9 in Long Blades
  6157 | D:10     | Reached XP level 10. HP: 57/83 MP: 8/10
  6203 | D:10     | Identified a scroll of acquirement
  6203 | D:10     | Acquired 630 gold pieces
  6371 | D:10     | Found a staircase to the Lair.
  6552 | D:10     | Reached ***** piety under Okawaru
  6622 | D:10     | Found a staircase to the Orcish Mines.
  7578 | Orc:1    | Entered Level 1 of the Orcish Mines
  7621 | Orc:1    | Noticed an orc sorcerer
  7630 | Orc:1    | Noticed an orc knight
  7633 | Orc:1    | Noticed Josephine
  7670 | Orc:1    | Noticed a rust devil
  7671 | Orc:1    | Killed Josephine
  7678 | Orc:1    | Killed an orc knight
  7678 | Orc:1    | Reached skill level 10 in Long Blades
  7678 | Orc:1    | Reached XP level 11. HP: 46/92 MP: 5/11
  7683 | Orc:1    | Slain by an ogre

Illustrated notes

Levels and vault maps discovered:
D:1:      saegor_arrival_simple_c, layout_loops_ring, minmay_pentomino_u2
D:2:      layout_rooms
D:3:      layout_rooms, chequers_ecumenical_altar_simple, uniq_grinder
D:4:      layout_loops_cross, overflow_temple_1_default,
          gammafunk_ghost_stat_death, serial_shops, shop, minivault_24
D:6:      layout_loops_ring, old_standard_altar, serial_aquarium,
          aquarium_bridge_straight [aquarium_subvault_bridge,
          aquarium_subvault_window, aquarium_subvault_bridge,
          aquarium_subvault_balcony], aquarium_window_1, aquarium_window_1,
          aquarium_view_2c, okawaru_metal_pillars_1_2
D:7:      layout_rooms, minmay_temple_entry_ruins, corexii_checkpoint_a
D:8:      layout_basic, nemelex_altar_shiori
D:9:      layout_roguey
D:10:     minmay_evil_eye, layout_cave_pools, dpeg_oklobed_lair, erik_orc_1,
          serial_column_ruins, column_ruins_hut, column_ruins_open_tiny_water,
          column_ruins_corridor_straight, column_ruins_open_medium,
          column_ruins_grid_1, column_ruins_open_medium, blue_anna_alchemist
          [blue_anna_fruit_fields, blue_anna_fruit_fields],
          ebering_dispersal_statue_hall
D:11:     argonaut_augean_stables, layout_basic, uniq_grum
Orc:1:    orc_temple, layout_diamond_mine, minmay_orc_barracks, uniq_josephine

Skill      XL: |  1  2  3  4  5  6  7  8  9 10 |
---------------+-------------------------------+-----
Long Blades    | 4 5 6 7 9 10 | 10.0
Dodging        | 4 5 7 |  7.3
Armour         | 3 4 6 8 |  8.7
Fighting       | 3 4 5 6 7 |  7.3
Short Blades   | 2 3 5 6 8 9 |  9.9
Shields        | 1 2 3 4 |  4.5
Stealth        | 1 2 |  2.1
Slings         | 1 |  1.0
Evocations     | 1 |  1.0
Throwing       | |  2.0
Invocations    | |  0.9

Action                   |  1- 3 |  4- 6 |  7- 9 | 10-12 || total
-------------------------+-------+-------+-------+-------++-------
Melee: Long sword        |    39 |       |       |       ||    39
       Headbutt          |     7 |    19 |    53 |    66 ||   145
       Whip              |    20 |     4 |       |       ||    24
       Short sword       |       |    75 |   232 |   242 ||   549
       Kick              |       |     8 |    87 |    87 ||   182
 Fire: Hunting sling     |       |       |     3 |       ||     3
Throw: Throwing net      |     1 |       |       |       ||     1
Invok: Heroism           |       |       |     2 |     2 ||     4
       Finesse           |       |       |       |     1 ||     1
Evoke: Wand              |       |       |     7 |     5 ||    12
  Use: Scroll            |       |     4 |     4 |     6 ||    14
       Potion            |       |     6 |     2 |     7 ||    15
 Stab: Paralysed         |       |       |     5 |       ||     5
       Sleeping          |       |       |       |     2 ||     2
  Eat: Chunk             |     2 |     3 |    11 |     4 ||    20
       Ration            |       |       |     1 |       ||     1
Armor: Leather armour    |    12 |       |       |       ||    12
       Scale mail        |       |    21 |     6 |    11 ||    38
       Plate armour      |       |     6 |    96 |       ||   102
       Troll leather arm |       |       |       |    22 ||    22
Dodge: Dodged            |    52 |    25 |    72 |    96 ||   245
Block: Buckler           |       |     9 |    35 |    36 ||    80
       Rpst.: Long sword |     7 |       |       |       ||     7
